 Dungeon Crawl Stone Soup version 0.30-a0-160-gcfceee88d3 (webtiles) character file.

Game seed: 13833513716167556856

21161 qw the Cleaver (level 12, -8/77 HPs)
             Began as a Gargoyle Fighter on Sept 27, 2022.
             Was an Elder of Okawaru.
             Killed from afar by an oklob plant (20 damage)
             ... with a splash of acid
             ... on level 2 of the Lair of Beasts.
             The game lasted 00:05:44 (15791 turns).

qw the Cleaver (Gargoyle Fighter)                  Turns: 15791, Time: 00:05:45

Health: -8/77      AC: 25    Str: 25    XL:     12   Next: 87%
Magic:  19/19      EV: 12    Int:  9    God:    Okawaru [****..]
Gold:   740        SH: 11    Dex:  9    Spells: 11/11 levels left

rFire   + . .      SeeInvis .    Y - +2 broad axe (protect)
rCold   . . .      Faith    .    q - +0 kite shield
rNeg    + . .      Spirit   .    i - +0 plate armour {Will+}
rPois   inf        Reflect  .    (no helmet)
rElec   +          Harm     .    m - +0 cloak
rCorr   .          Rampage  .    n - +2 pair of gloves
Will    +....                    j - +1 pair of boots
Stlth   ..........               (no amulet)
HPRegen 0.22/turn                t - +4 ring of evasion
MPRegen 0.16/turn                v - ring of protection from fire

@: about to teleport, heroic, corroded
A: sickness immunity, AC +8, negative energy resistance 1, electricity
resistance, torment resistance 1, petrification resistance
a: Renounce Religion, Heroism, Finesse


You were on level 2 of the Lair of Beasts.
You worshipped Okawaru.
Okawaru was greatly pleased with you.
You visited 3 branches of the dungeon, and saw 12 of its levels.

You collected 857 gold pieces.
You spent 117 gold pieces at shops.


Innate Abilities, Weirdness & Mutations

You are immune to sickness and miasma.
Your stone body is resilient. (AC +8)
You are immune to poison.
You resist negative energy. (rN+)
You are resistant to electric shocks. (rElec)
You are resistant to unholy torment.
You are immune to petrification.


   Skills:
 - Level 10.0(15.0) Fighting
 - Level 12.4(17.4) Axes
 - Level 3.1(8.1) Throwing
 - Level 9.1(14.1) Armour
 - Level 2.4(7.4) Dodging
 + Level 6.6(11.6) Shields
 - Level 10.0 Invocations


You had 11 spell levels left.
You didn't know any spells.
Your spell library was empty.

Inventory:

Hand Weapons
 g - the +8 flail of Intuition {flame, rPois rCorr}
   (You found it on level 1 of the Lair of Beasts)

   It burns those it strikes, dealing additional fire damage.
   rPois:     It protects you from poison.
   rCorr:     It protects you from acid and corrosion.
 Y - a +2 broad axe of protection (weapon)
Armour
 a - +0 fire dragon scales
 i - a +0 plate armour of willpower (worn)
 j - a +1 pair of boots (worn)
 m - a +0 cloak (worn)
 n - a +2 pair of gloves (worn)
 p - the +1 ring mail of Liberty {rPois rF++}
   (You found it on level 8 of the Dungeon)

   rF:        It greatly protects you from fire.
   rPois:     It protects you from poison.
 q - a +0 kite shield (worn)
Jewellery
 s - the amulet of the Doomed God {Spirit Dex+5}
   (You found it on level 8 of the Dungeon)

   [amulet of guardian spirit]

   It causes incoming damage to be divided between your reserves of health and
   magic.
   Dex:       It affects your dexterity (+5).
 t - a +4 ring of evasion (left hand)
 v - a ring of protection from fire (right hand)
Scrolls
 b - a scroll of teleportation
 r - a scroll of identify
Potions
 d - 2 potions of might
 e - 3 potions of attraction
 f - 5 potions of lignification
 h - a potion of curing
 k - a potion of mutation
 l - a potion of heal wounds
 o - 2 potions of cancellation
 u - a potion of resistance

Dungeon Overview and Level Annotations

Branches:
Dungeon (9/15)             Temple (1/1) D:4            Lair (2/5) D:9
  Swamp: Lair:2-3    Shoals: Lair:2-3     Snake: Lair:2-3    Spider: Lair:2-3
    Orc: D:9-12

Altars:
Ashenzari
Cheibriados
Dithmenos
Elyvilon
Fedhas
Gozag
Hepliaklqana
Kikubaaqudgha
Makhleb
Nemelex Xobeh
Okawaru
Qazlal
Ru
Sif Muna
Trog
Uskayaw
Vehumet
Wu Jian
Xom
Yredelemnul
Zin
The Shining One

Shops:
D:3 !

Portals:
Abyss: Lair:1
Bailey: D:9

Annotations:
Lair:1 2 transporters, qw's ghost, journeyman GrFi


Message History

You start resting.
You are no longer corroded.
You feel like a meek peon again.
HP restored.
Found a club.
The oklob plant spits acid at you.
The splash of acid hits you but does no damage.
15765 ||| INVOKING Heroism.
You gain the combat prowess of a mighty hero.
The oklob plant spits acid at you. You block the splash of acid.
A bullfrog comes into view.
The oklob plant spits acid at you. The splash of acid hits you!!
The bullfrog moves out of view.
You hear a loud, deep croak!
A bullfrog is nearby!
You slice the bullfrog!!
Your weapon exudes an aura of protection.
The bullfrog is severely wounded.
The bullfrog hits you but does no damage.
The bullfrog closely misses you.
You slice the bullfrog!!
You kill the bullfrog!
Okawaru accepts your kill. The oklob plant spits acid at you.
The splash of acid hits you! The acid corrodes you!
Magic restored.
The oklob plant spits acid at you. The splash of acid hits you!!
The oklob plant spits acid at you.
The splash of acid hits you but does no damage.
The acid corrodes you! The oklob plant spits acid at you.
The splash of acid hits you!
15791 ||| READING 2 scrolls of teleportation.
As you read the scroll of teleportation, it crumbles to dust.
You feel strangely unstable. The oklob plant spits acid at you.
The splash of acid hits you!!
You die...

..#.####.# ####........#...
.###
##.######P#.#...#........
#...............#.......%
#........................
##.........?....#....#...
#........#+.............
#.......#...........#...
.................#P.###...
P..+##....@#..#.)..........
...........%.)#............
...........=..P..###.#.#...
...........PPP.....
####.... .[.
.......?PPP..... #....
........PPP..).# ##...
.....^# ...# ##... ....#.
.... #.... #....


You could see an oklob plant.

Vanquished Creatures
  A catoblepas (D:8)
  2 two-headed ogres (D:8)
  3 death yaks (D:9)
  A skeletal warrior (D:8)
  Pikel (D:7)
  An oklob plant (Lair:1)
  A cyclops (D:8)
  A manticore (D:8)
  6 elephants
  3 black mambas
  3 cane toads
  2 rime drakes
  2 komodo dragons
  A troll (D:8)
  Prince Ribbit (D:7)
  2 slime creatures (D:8)
  5 blink frogs (Lair:2)
  17 yaks
  A shadow (D:9)
  A vampire (D:6)
  A wraith (D:6)
  3 basilisks
  A steam dragon (D:7)
  A vampire mosquito (D:8)
  Grum (Lair:1)
  Edmund (D:4)
  Menkaure (D:5)
  Duvessa (D:5)
  6 water moccasins
  A sky beast (D:8)
  Pargi (D:3)
  5 orc warriors
  3 ice beasts
  2 wolves (Lair:1)
  7 centaurs
  3 lemures (D:7)
  2 phantoms
  3 kobold brigands
  Blork the orc (D:5)
  10 bullfrogs
  2 necrophages
  2 wights (D:8)
  Dowan (D:5)
  3 jellies
  5 killer bees (D:8)
  2 howler monkeys
  6 electric eels (D:6)
  A hound (D:7)
  5 orc priests
  A gnoll bouda (D:7)
  2 iguanas
  10 orc wizards
  3 gnolls (D:7)
  2 river rats (D:9)
  9 adders
  3 white imps
  7 worms
  4 dart slugs
  29 orcs
  3 ball pythons
  6 bats
  4 endoplasms
  6 giant cockroaches
  8 goblins
  6 hobgoblins
  3 quokkas
  5 frilled lizards
  20 kobolds
  9 rats
276 creatures vanquished.

Vanquished Creatures (others)
  6 fungi
  16 plants
22 creatures vanquished.

Grand Total: 298 creatures vanquished

Notes
Turn   | Place    | Note
-------+----------+-------------------------------------------
     0 | D:1      | qw the Gargoyle Fighter began the quest for the Orb.
     0 | D:1      | Reached XP level 1. HP: 14/14 MP: 1/1
     0 | D:1      | 0 ||| qw: Version: 0.2-a-10-g37ed214
     0 | D:1      | 0 ||| qw: Game counter: 580
     0 | D:1      | 0 ||| qw: Always use a shield: true
     0 | D:1      | 0 ||| qw: God list: Okawaru
     0 | D:1      | 0 ||| qw: Allow faded altars: false
     0 | D:1      | 0 ||| qw: Do Orc after D:15 true
     0 | D:1      | 0 ||| qw: Do second Lair branch before Depths: true
     0 | D:1      | 0 ||| qw: Lair rune preference: random
     0 | D:1      | 0 ||| qw: Plans: Normal, Zot:1-4, God:TSO, Crypt, Tomb,
                  | Pan, Slime:5, Hells, Abyss, Orb
     0 | D:1      | 0 ||| PLANNING D:1-11
     2 | D:1      | Noticed a gargoyle
     2 | D:1      | Noticed a vine stalker
     4 | D:1      | Noticed a tengu
     7 | D:1      | Noticed a felid
     7 | D:1      | Noticed a troll
     9 | D:1      | Noticed a ghoul
    11 | D:1      | Noticed a spriggan
    13 | D:1      | Noticed a naga
    13 | D:1      | Noticed a palentonga
    15 | D:1      | Noticed an ogre
    15 | D:1      | Noticed a demonspawn
    17 | D:1      | Noticed an elf
    17 | D:1      | Noticed an octopode
    19 | D:1      | Noticed a vampire
    19 | D:1      | Noticed a human
    21 | D:1      | Noticed a formicid
    21 | D:1      | Noticed a minotaur
    23 | D:1      | Noticed a meteoran
    23 | D:1      | Noticed a draconian
    25 | D:1      | Noticed an octopode
    25 | D:1      | Noticed a merfolk
    27 | D:1      | Noticed an elf
    27 | D:1      | Noticed a naga
    86 | D:1      | Reached skill level 2 in Axes
   395 | D:1      | Reached XP level 2. HP: 19/19 MP: 2/2
   433 | D:1      | 433 ||| Stepping ~*~*~tactically~*~*~ (stealth).
  1015 | D:1      | Reached skill level 3 in Axes
  1121 | D:1      | 1121 ||| UPGRADING to +0 pair of gloves.
  1126 | D:1      | 1126 ||| UPGRADING to amulet of guardian spirit.
  1131 | D:1      | 1131 ||| READING 3 scrolls labelled TOSEUF HOGOYMO.
  1135 | D:1      | 1135 ||| READING scroll labelled QEUPIM BUZOA.
  1136 | D:1      | 1136 ||| READING scroll labelled LUEMEOCAPI.
  1137 | D:1      | 1137 ||| DRINKING 2 brown potions.
  1179 | D:2      | 1179 ||| STAIRDANCE
  1235 | D:2      | Reached XP level 3. HP: 23/23 MP: 3/3
  1274 | D:2      | 1274 ||| Stepping ~*~*~tactically~*~*~ (hiding).
  1685 | D:2      | 1685 ||| DROPPING +0 club.
  1766 | D:2      | Found a glowing golden altar of the Shining One.
  1856 | D:2      | 1856 ||| READING 2 scrolls labelled EZUHUOFFI YKKA.
  1857 | D:2      | 1857 ||| DROPPING scroll of amnesia.
  1860 | D:3      | Found a radiant altar of Vehumet.
  1922 | D:3      | 1922 ||| Stepping ~*~*~tactically~*~*~ (hiding).
  1928 | D:3      | 1928 ||| Stepping ~*~*~tactically~*~*~ (stealth).
  1934 | D:3      | Reached skill level 4 in Axes
  1934 | D:3      | Reached XP level 4. HP: 25/28 MP: 2/4
  1958 | D:3      | 1958 ||| DROPPING +0 whip.
  2043 | D:3      | Reached XP level 5. HP: 32/32 MP: 5/5
  2062 | D:3      | 2062 ||| READING 3 scrolls of teleportation.
  2241 | D:3      | 2241 ||| Stepping ~*~*~tactically~*~*~ (stealth).
  2251 | D:3      | 2251 ||| READING scroll labelled UTAGEL JELAN.
  2252 | D:3      | 2252 ||| READING 2 scrolls of teleportation.
  2326 | D:3      | 2326 ||| Stepping ~*~*~tactically~*~*~ (stealth).
  2330 | D:3      | 2330 ||| Stepping ~*~*~tactically~*~*~ (stealth).
  2331 | D:3      | 2331 ||| Stepping ~*~*~tactically~*~*~ (stealth).
  2441 | D:3      | Noticed Pargi
  2456 | D:3      | HP: 8/32 [Pargi (2)]
  2457 | D:3      | 2457 ||| READING scroll of teleportation.
  2751 | D:3      | Found Osequ's Distillery.
  2755 | D:3      | 2755 ||| Stepping ~*~*~tactically~*~*~ (stealth).
  2756 | D:3      | 2756 ||| Stepping ~*~*~tactically~*~*~ (stealth).
  2759 | D:3      | 2759 ||| BUYING potion of attraction (39 gold).
  2759 | D:3      | Bought a potion of attraction for 39 gold pieces
  2759 | D:3      | 2759 ||| BUYING potion of curing (39 gold).
  2759 | D:3      | Bought a potion of curing for 39 gold pieces
  2759 | D:3      | 2759 ||| SHOPLISTING potion of heal wounds (65 gold, have
                  | 43).
  2759 | D:3      | 2759 ||| BUYING potion of lignification (39 gold).
  2759 | D:3      | Bought a potion of lignification for 39 gold pieces
  2759 | D:3      | 2759 ||| SHOPLISTING potion of resistance (130 gold, have
                  | 4).
  2769 | D:3      | HP: 8/32 [acid (8)]
  2771 | D:3      | Reached skill level 5 in Axes
  3016 | D:3      | 3016 ||| Stepping ~*~*~tactically~*~*~ (hiding).
  3063 | D:3      | 3063 ||| UPGRADING to +0 cloak.
  3072 | D:3      | 3072 ||| READING scroll labelled IDIJ MIK MUATU.
  3126 | D:3      | 3126 ||| DRINKING 2 lumpy golden potions.
  3127 | D:3      | 3127 ||| READING scroll of teleportation.
  3236 | D:3      | 3236 ||| READING 3 scrolls labelled PITEVUTAMU.
  3237 | D:3      | 3237 ||| Stepping randomly (stuck).
  3238 | D:3      | 3238 ||| Stepping randomly (stuck).
  3245 | D:3      | Killed Pargi
  3246 | D:3      | Reached XP level 6. HP: 32/39 MP: 6/6
  3326 | D:3      | Found a faded altar of an unknown god.
  3394 | D:3      | 3394 ||| READING scroll of enchant weapon.
  3394 | D:3      | 3394 ||| ENCHANTING +1 spectral war axe.
  3633 | D:3      | 3633 ||| UPGRADING to +0 chain mail.
  3643 | D:3      | 3643 ||| DROPPING +0 scale mail.
  3644 | D:3      | 3644 ||| READING 2 scrolls labelled INEGOL BUIK.
  3645 | D:3      | 3645 ||| READING scroll labelled AGEBASKUXZA.
  3646 | D:3      | 3646 ||| DRINKING 2 black potions.
  3690 | D:4      | Found a staircase to the Ecumenical Temple.
  3691 | D:4      | 3691 ||| PLANNING TEMPLE
  3691 | D:4      | 3691 ||| STAIRDANCE
  3697 | D:4      | 3697 ||| FLEEEEING.
  3698 | D:4      | 3698 ||| STAIRDANCE
  3702 | D:4      | 3702 ||| STAIRDANCE
  3738 | D:4      | 3738 ||| STAIRDANCE
  3750 | Temple   | Entered the Ecumenical Temple
  3751 | Temple   | 3751 ||| PLANNING OKAWARU WORSHIP
  4374 | Temple   | Became a worshipper of Warmaster Okawaru
  4375 | Temple   | 4375 ||| PLANNING D:1-11
  4375 | Temple   | 4375 ||| REMOVING amulet of guardian spirit.
  4443 | Temple   | 4443 ||| DROPPING amulet of guardian spirit.
  4500 | D:4      | 4500 ||| READING scroll of enchant armour.
  4500 | D:4      | 4500 ||| ENCHANTING +0 pair of gloves.
  4588 | D:4      | 4588 ||| Stepping ~*~*~tactically~*~*~ (stealth).
  4589 | D:4      | 4589 ||| Stepping ~*~*~tactically~*~*~ (stealth).
  4591 | D:4      | 4591 ||| Stepping ~*~*~tactically~*~*~ (stealth).
  4802 | D:4      | Noticed Edmund
  4814 | D:4      | Killed Edmund
  4815 | D:4      | Reached skill level 6 in Axes
  4815 | D:4      | Reached XP level 7. HP: 38/44 MP: 7/7
  4874 | D:4      | Reached * piety under Okawaru
  5140 | D:4      | 5140 ||| UPGRADING to +4 ring of evasion.
  5141 | D:4      | 5141 ||| READING scroll labelled ZUATIT SALAGY.
  5142 | D:4      | 5142 ||| READING scroll labelled BUUGRAISYNT.
  5143 | D:4      | 5143 ||| READING 3 scrolls of identify.
  5143 | D:4      | 5143 ||| IDENTIFYING red potion
  5159 | D:5      | Entered Level 5 of the Dungeon
  5228 | D:5      | Noticed Dowan
  5229 | D:5      | 5229 ||| INVOKING Heroism.
  5234 | D:5      | Killed Dowan
  5235 | D:5      | Reached skill level 1 in Invocations
  5237 | D:5      | Noticed Duvessa
  5240 | D:5      | 5240 ||| INVOKING Heroism.
  5241 | D:5      | 5241 ||| INVOKING Heroism.
  5246 | D:5      | Killed Duvessa
  5247 | D:5      | Reached skill level 1 in Dodging
  5264 | D:5      | 5264 ||| FLEEEEING.
  5398 | D:5      | Reached skill level 3 in Invocations
  5398 | D:5      | Reached XP level 8. HP: 48/48 MP: 10/10
  5419 | D:5      | 5419 ||| INVOKING Heroism.
  5483 | D:5      | Found a bloodstained altar of Trog.
  5508 | D:5      | Found an ornate altar of the Wu Jian Council.
  5535 | D:5      | 5535 ||| Stepping ~*~*~tactically~*~*~ (stealth).
  5537 | D:5      | 5537 ||| Stepping ~*~*~tactically~*~*~ (hiding).
  5539 | D:5      | 5539 ||| Stepping ~*~*~tactically~*~*~ (hiding).
  5541 | D:5      | 5541 ||| INVOKING Heroism.
  5548 | D:5      | Reached skill level 7 in Axes
  5573 | D:5      | 5573 ||| Stepping ~*~*~tactically~*~*~ (stealth).
  5579 | D:5      | 5579 ||| INVOKING Heroism.
  5585 | D:5      | HP: 7/48 [orc priest/divine providence (15)]
  5586 | D:5      | 5586 ||| READING 2 scrolls of teleportation.
  5587 | D:5      | 5587 ||| DRINKING potion of heal wounds.
  5785 | D:5      | Noticed Blork the orc
  5786 | D:5      | 5786 ||| INVOKING Heroism.
  5792 | D:5      | Killed Blork the orc
  5793 | D:5      | Reached skill level 1 in Throwing
  5848 | D:5      | Noticed Menkaure
  5849 | D:5      | 5849 ||| INVOKING Heroism.
  5854 | D:5      | Killed Menkaure
  5854 | D:5      | Reached ** piety under Okawaru
  5859 | D:5      | 5859 ||| Stepping ~*~*~tactically~*~*~ (stealth).
  5998 | D:5      | 5998 ||| Stepping ~*~*~tactically~*~*~ (hiding).
  5999 | D:5      | 5999 ||| INVOKING Heroism.
  6101 | D:5      | 6101 ||| Stepping ~*~*~tactically~*~*~ (stealth).
  6103 | D:5      | 6103 ||| Stepping ~*~*~tactically~*~*~ (hiding).
  6105 | D:5      | 6105 ||| INVOKING Heroism.
  6177 | D:5      | 6177 ||| UPGRADING to +0 pair of boots.
  6182 | D:5      | 6182 ||| READING scroll labelled HENLUL YPYDGH.
  6183 | D:5      | 6183 ||| READING 3 scrolls of identify.
  6183 | D:5      | 6183 ||| IDENTIFYING blue potion
  6184 | D:5      | 6184 ||| READING 2 scrolls of identify.
  6184 | D:5      | 6184 ||| IDENTIFYING white potion
  6185 | D:5      | 6185 ||| DROPPING potion of degeneration.
  6219 | D:6      | 6219 ||| INVOKING Heroism.
  6246 | D:6      | 6246 ||| Stepping ~*~*~tactically~*~*~ (stealth).
  6247 | D:6      | 6247 ||| Stepping ~*~*~tactically~*~*~ (stealth).
  6254 | D:6      | Noticed a wraith
  6255 | D:6      | 6255 ||| FLEEEEING.
  6256 | D:6      | 6256 ||| FLEEEEING.
  6257 | D:6      | 6257 ||| FLEEEEING.
  6258 | D:6      | 6258 ||| FLEEEEING.
  6259 | D:6      | 6259 ||| FLEEEEING.
  6260 | D:6      | 6260 ||| STAIRDANCE
  6274 | D:5      | 6274 ||| FLEEEEING.
  6275 | D:5      | 6275 ||| FLEEEEING.
  6289 | D:5      | 6289 ||| INVOKING Heroism.
  6295 | D:5      | Reached skill level 8 in Axes
  6321 | D:5      | 6321 ||| UPGRADING to +0 plate armour.
  6331 | D:5      | 6331 ||| DROPPING +0 chain mail.
  6347 | D:6      | Killed a wraith
  6348 | D:6      | Reached XP level 9. HP: 45/54 MP: 12/12
  6348 | D:6      | 6348 ||| STAIRDANCE
  6548 | D:6      | 6548 ||| READING scroll of enchant armour.
  6548 | D:6      | 6548 ||| ENCHANTING +1 pair of gloves.
  6638 | D:6      | 6638 ||| INVOKING Heroism.
  6639 | D:6      | 6639 ||| FLEEEEING.
  6640 | D:6      | 6640 ||| FLEEEEING.
  6647 | D:6      | 6647 ||| DRINKING 3 potions of curing.
  6647 | D:6      | 6647 ||| (to cure confusion)
  6657 | D:6      | HP: 7/55 [something (10)]
  6658 | D:6      | 6658 ||| FLEEEEING.
  6659 | D:6      | 6659 ||| DRINKING 2 potions of curing.
  6659 | D:6      | 6659 ||| (to cure confusion)
  6660 | D:6      | 6660 ||| FLEEEEING.
  6661 | D:6      | 6661 ||| FLEEEEING.
  6662 | D:6      | 6662 ||| FLEEEEING.
  6663 | D:6      | 6663 ||| FLEEEEING.
  6671 | D:6      | 6671 ||| STAIRDANCE
  6873 | D:5      | 6873 ||| DROPPING scarf of invisibility.
  6874 | D:5      | 6874 ||| READING scroll labelled BELLAM UPOON.
  6882 | D:6      | 6882 ||| INVOKING Heroism.
  6885 | D:6      | Reached skill level 6 in Fighting
  6909 | D:6      | 6909 ||| FLEEEEING.
  6910 | D:6      | 6910 ||| FLEEEEING.
  6911 | D:6      | 6911 ||| STAIRDANCE
  7293 | D:6      | 7293 ||| FLEEEEING.
  7294 | D:6      | 7294 ||| INVOKING Heroism.
  7440 | D:6      | 7440 ||| INVOKING Heroism.
  7584 | D:7      | Noticed Pikel
  7584 | D:7      | 7584 ||| Stepping ~*~*~tactically~*~*~ (stealth).
  7587 | D:7      | 7587 ||| Stepping ~*~*~tactically~*~*~ (stealth).
  7599 | D:7      | 7599 ||| Stepping ~*~*~tactically~*~*~ (hiding).
  7602 | D:7      | 7602 ||| INVOKING Heroism.
  7609 | D:7      | Killed Pikel
  7609 | D:7      | Reached *** piety under Okawaru
  7610 | D:7      | Reached skill level 9 in Axes
  7711 | D:7      | 7711 ||| INVOKING Heroism.
  7718 | D:7      | Reached skill level 6 in Armour
  7890 | D:7      | 7890 ||| INVOKING Heroism.
  8244 | D:7      | Identified the +2 robe "Qesudit" {Regen+ MP+9}
  8282 | D:7      | Noticed Prince Ribbit
  8283 | D:7      | 8283 ||| INVOKING Heroism.
  8295 | D:7      | Killed Prince Ribbit
  8296 | D:7      | Reached XP level 10. HP: 63/63 MP: 11/13
  8349 | D:7      | 8349 ||| INVOKING Heroism.
  8613 | D:8      | 8613 ||| STAIRDANCE
  8621 | D:7      | Reached skill level 10 in Axes
  8697 | D:8      | 8697 ||| STAIRDANCE
  8806 | D:8      | 8806 ||| Stepping ~*~*~tactically~*~*~ (hiding).
  8809 | D:8      | 8809 ||| INVOKING Heroism.
  8831 | D:8      | Reached **** piety under Okawaru
  8846 | D:8      | 8846 ||| DRINKING potion of curing.
  8846 | D:8      | 8846 ||| (to cure confusion)
  8980 | D:8      | 8980 ||| INVOKING Heroism.
  8983 | D:8      | 8983 ||| Stepping ~*~*~tactically~*~*~ (hiding).
  9003 | D:8      | 9003 ||| READING scroll of enchant weapon.
  9003 | D:8      | 9003 ||| ENCHANTING +2 spectral war axe.
  9006 | D:8      | 9006 ||| READING scroll of enchant armour.
  9006 | D:8      | 9006 ||| ENCHANTING +0 pair of boots.
  9022 | D:8      | 9022 ||| Stepping ~*~*~tactically~*~*~ (stealth).
  9023 | D:8      | 9023 ||| INVOKING Heroism.
  9047 | D:8      | 9047 ||| Stepping ~*~*~tactically~*~*~ (stealth).
  9110 | D:8      | Identified the +1 ring mail of Liberty {rPois rF++}
  9130 | D:8      | Noticed a two-headed ogre
  9131 | D:8      | 9131 ||| INVOKING Heroism.
  9136 | D:8      | Killed a two-headed ogre
  9137 | D:8      | Reached skill level 6 in Invocations
  9143 | D:8      | 9143 ||| Stepping ~*~*~tactically~*~*~ (stealth).
  9145 | D:8      | 9145 ||| Stepping ~*~*~tactically~*~*~ (stealth).
  9156 | D:8      | 9156 ||| Stepping ~*~*~tactically~*~*~ (stealth).
  9163 | D:8      | Reached ***** piety under Okawaru
  9274 | D:8      | 9274 ||| Stepping ~*~*~tactically~*~*~ (stealth).
  9284 | D:8      | Received a gift from Okawaru
  9318 | D:8      | 9318 ||| Stepping ~*~*~tactically~*~*~ (hiding).
  9321 | D:8      | 9321 ||| Stepping ~*~*~tactically~*~*~ (hiding).
  9323 | D:8      | 9323 ||| Stepping ~*~*~tactically~*~*~ (hiding).
  9323 | D:8      | Noticed a two-headed ogre
  9324 | D:8      | 9324 ||| INVOKING Heroism.
  9327 | D:8      | Reached XP level 11. HP: 62/68 MP: 12/15
  9329 | D:8      | Noticed a manticore
  9330 | D:8      | 9330 ||| Stepping ~*~*~tactically~*~*~ (stealth).
  9331 | D:8      | 9331 ||| Stepping ~*~*~tactically~*~*~ (stealth).
  9331 | D:8      | Noticed a catoblepas
  9332 | D:8      | 9332 ||| INVOKING Finesse.
  9335 | D:8      | Killed a two-headed ogre
  9336 | D:8      | 9336 ||| Stepping ~*~*~tactically~*~*~ (hiding).
  9343 | D:8      | Killed a catoblepas
  9345 | D:8      | Noticed a cyclops
  9352 | D:8      | Reached skill level 11 in Axes
  9354 | D:8      | Killed a manticore
  9355 | D:8      | 9355 ||| FLEEEEING.
  9356 | D:8      | 9356 ||| FLEEEEING.
  9357 | D:8      | 9357 ||| FLEEEEING.
  9358 | D:8      | 9358 ||| FLEEEEING.
  9359 | D:8      | 9359 ||| FLEEEEING.
  9364 | D:8      | 9364 ||| FLEEEEING.
  9364 | D:8      | HP: 11/68 [cyclops/large rock (18)]
  9365 | D:8      | 9365 ||| FLEEEEING.
  9366 | D:8      | 9366 ||| FLEEEEING.
  9367 | D:8      | 9367 ||| FLEEEEING.
  9368 | D:8      | 9368 ||| FLEEEEING.
  9369 | D:8      | 9369 ||| FLEEEEING.
  9384 | D:8      | 9384 ||| FLEEEEING.
  9385 | D:8      | 9385 ||| FLEEEEING.
  9386 | D:8      | 9386 ||| FLEEEEING.
  9392 | D:8      | 9392 ||| STAIRDANCE
  9635 | D:7      | 9635 ||| UPGRADING to +0 plate armour of willpower.
  9645 | D:7      | 9645 ||| DROPPING +0 plate armour.
  9650 | D:8      | 9650 ||| INVOKING Heroism.
  9655 | D:8      | Killed a cyclops
  9655 | D:8      | Received a gift from Okawaru
  9671 | D:8      | 9671 ||| SWAPPING to +2 vorpal broad axe.
  9672 | D:8      | 9672 ||| DROPPING +3 spectral war axe.
  9673 | D:8      | 9673 ||| READING 2 scrolls of brand weapon.
  9673 | D:8      | 9673 ||| BRANDING +2 vorpal broad axe.
  9674 | D:8      | 9674 ||| DROPPING +0 morningstar.
  9675 | D:8      | 9675 ||| READING scroll of brand weapon.
  9675 | D:8      | 9675 ||| BRANDING +2 broad axe of flaming.
  9695 | D:8      | Noticed a skeletal warrior
  9696 | D:8      | 9696 ||| FLEEEEING.
  9698 | D:8      | 9698 ||| FLEEEEING.
  9699 | D:8      | 9699 ||| FLEEEEING.
  9701 | D:8      | 9701 ||| FLEEEEING.
  9702 | D:8      | 9702 ||| FLEEEEING.
  9704 | D:8      | 9704 ||| FLEEEEING.
  9705 | D:8      | 9705 ||| FLEEEEING.
  9706 | D:8      | 9706 ||| FLEEEEING.
  9707 | D:8      | 9707 ||| FLEEEEING.
  9708 | D:8      | 9708 ||| FLEEEEING.
  9709 | D:8      | 9709 ||| FLEEEEING.
  9710 | D:8      | 9710 ||| FLEEEEING.
  9711 | D:8      | 9711 ||| FLEEEEING.
  9712 | D:8      | 9712 ||| FLEEEEING.
  9713 | D:8      | 9713 ||| FLEEEEING.
  9717 | D:8      | 9717 ||| STAIRDANCE
  9814 | D:8      | 9814 ||| INVOKING Heroism.
  9840 | D:8      | Killed a skeletal warrior
 10150 | D:8      | 10150 ||| DROPPING +1 whip of flaming.
 10244 | D:8      | Identified the amulet of the Doomed God {Spirit Dex+5}
 10249 | D:8      | Identified the amulet of Imeimes {Spirit Str+2}
 10487 | D:8      | 10487 ||| DROPPING amulet of Imeimes {Spirit Str+2}.
 10488 | D:8      | 10488 ||| DROPPING ring of wizardry.
 10489 | D:8      | 10489 ||| UPGRADING to ring of protection from fire.
 10532 | D:9      | 10532 ||| INVOKING Heroism.
 10577 | D:9      | Found a flagged portal.
 10578 | D:9      | 10578 ||| Stepping ~*~*~tactically~*~*~ (stealth).
 10581 | D:9      | 10581 ||| Stepping ~*~*~tactically~*~*~ (stealth).
 10583 | D:9      | 10583 ||| Stepping ~*~*~tactically~*~*~ (stealth).
 10585 | D:9      | 10585 ||| Stepping ~*~*~tactically~*~*~ (stealth).
 10587 | D:9      | 10587 ||| INVOKING Heroism.
 10628 | D:9      | 10628 ||| Stepping ~*~*~tactically~*~*~ (stealth).
 10629 | D:9      | 10629 ||| Stepping ~*~*~tactically~*~*~ (stealth).
 10631 | D:9      | 10631 ||| Stepping ~*~*~tactically~*~*~ (hiding).
 10809 | D:9      | Noticed a death yak
 10810 | D:9      | 10810 ||| INVOKING Heroism.
 10811 | D:9      | 10811 ||| INVOKING Finesse.
 10815 | D:9      | Noticed a death yak
 10822 | D:9      | Noticed a death yak
 10825 | D:9      | Killed a death yak
 10826 | D:9      | Reached skill level 9 in Invocations
 10837 | D:9      | Killed a death yak
 10849 | D:9      | Killed a death yak
 10850 | D:9      | Reached skill level 9 in Fighting
 10938 | D:9      | Found a staircase to the Lair.
 11138 | D:9      | Identified the +1 robe "Cuwneh" {SInv}
 11218 | D:9      | 11218 ||| PLANNING LAIR
 11218 | D:9      | 11218 ||| READING scroll labelled OPIMUIPPA RAUR.
 11219 | D:9      | 11219 ||| READING scroll labelled TOFFIM PUI.
 11220 | D:9      | 11220 ||| READING 2 scrolls of identify.
 11220 | D:9      | 11220 ||| IDENTIFYING yellow potion
 11221 | D:9      | 11221 ||| DROPPING potion of brilliance.
 11253 | Lair:1   | Entered Level 1 of the Lair of Beasts
 11314 | Lair:1   | 11314 ||| Stepping ~*~*~tactically~*~*~ (hiding).
 11334 | Lair:1   | 11334 ||| Stepping ~*~*~tactically~*~*~ (stealth).
 11385 | Lair:1   | Noticed an oklob plant
 11386 | Lair:1   | 11386 ||| INVOKING Heroism.
 11387 | Lair:1   | 11387 ||| INVOKING Finesse.
 11388 | Lair:1   | Found a broken altar of Ashenzari.
 11400 | Lair:1   | Killed an oklob plant
 11401 | Lair:1   | Reached skill level 3 in Throwing
 11401 | Lair:1   | Reached XP level 12. HP: 38/76 MP: 12/19
 11598 | Lair:1   | Identified the +8 flail of Intuition {flame, rPois rCorr}
 11600 | Lair:1   | 11600 ||| DROPPING +2 flail.
 11726 | Lair:1   | Found a transporter.
 11732 | Lair:1   | Found a transporter.
 11770 | Lair:1   | 11770 ||| INVOKING Heroism.
 11930 | Lair:1   | 11930 ||| INVOKING Heroism.
 12185 | Lair:1   | Noticed qw's ghost (journeyman GrFi)
 12197 | Lair:1   | Found a one-way gate to the infinite horrors of the Abyss.
 12197 | Lair:1   | Noticed a thrashing horror
 12221 | Lair:1   | 12221 ||| Stepping ~*~*~tactically~*~*~ (stealth).
 12226 | Lair:1   | 12226 ||| Stepping ~*~*~tactically~*~*~ (stealth).
 12237 | Lair:1   | Noticed Grum
 12238 | Lair:1   | 12238 ||| INVOKING Heroism.
 12239 | Lair:1   | 12239 ||| INVOKING Finesse.
 12245 | Lair:1   | Identified the +7 executioner's axe of the Well-Known Mice
                  | {drain, rCorr Stlth+} (Okawaru gifted it to you on level 1
                  | of the Lair of Beasts)
 12245 | Lair:1   | Received a gift from Okawaru
 12257 | Lair:1   | Killed Grum
 12458 | Lair:1   | 12458 ||| Stepping ~*~*~tactically~*~*~ (hiding).
 12460 | Lair:1   | 12460 ||| Stepping ~*~*~tactically~*~*~ (hiding).
 12836 | Lair:1   | 12836 ||| READING 2 scrolls of identify.
 12836 | Lair:1   | 12836 ||| IDENTIFYING lumpy red potion
 12837 | Lair:1   | 12837 ||| DROPPING potion of berserk rage.
 12907 | Lair:2   | 12907 ||| STAIRDANCE
 12920 | Lair:1   | 12920 ||| INVOKING Heroism.
 12922 | Lair:1   | Reached skill level 12 in Axes
 13032 | Lair:2   | 13032 ||| STAIRDANCE
 13055 | Lair:2   | 13055 ||| STAIRDANCE
 13057 | Lair:1   | 13057 ||| INVOKING Heroism.
 13069 | Lair:1   | Reached skill level 9 in Armour
 13221 | Lair:2   | 13221 ||| STAIRDANCE
 13251 | Lair:2   | 13251 ||| STAIRDANCE
 13342 | Lair:2   | 13342 ||| Stepping ~*~*~tactically~*~*~ (stealth).
 13343 | Lair:2   | 13343 ||| Stepping ~*~*~tactically~*~*~ (stealth).
 13344 | Lair:2   | 13344 ||| INVOKING Heroism.
 13349 | Lair:2   | Reached skill level 6 in Shields
 13815 | Lair:2   | 13815 ||| INVOKING Heroism.
 13856 | Lair:2   | 13856 ||| Stepping ~*~*~tactically~*~*~ (stealth).
 13858 | Lair:2   | 13858 ||| FLEEEEING.
 13860 | Lair:2   | 13860 ||| FLEEEEING.
 13861 | Lair:2   | 13861 ||| FLEEEEING.
 13862 | Lair:2   | 13862 ||| FLEEEEING.
 13864 | Lair:2   | 13864 ||| FLEEEEING.
 13865 | Lair:2   | 13865 ||| STAIRDANCE
 13938 | Lair:1   | 13938 ||| UPGRADING to +0 kite shield.
 13948 | Lair:1   | 13948 ||| DROPPING +0 buckler.
 13951 | Lair:2   | 13951 ||| INVOKING Heroism.
 14148 | Lair:2   | 14148 ||| INVOKING Heroism.
 14149 | Lair:2   | 14149 ||| INVOKING Finesse.
 14160 | Lair:2   | 14160 ||| FLEEEEING.
 14170 | Lair:2   | 14170 ||| STAIRDANCE
 14327 | Lair:2   | 14327 ||| INVOKING Heroism.
 14328 | Lair:2   | 14328 ||| INVOKING Finesse.
 14336 | Lair:2   | 14336 ||| FLEEEEING.
 14346 | Lair:2   | 14346 ||| STAIRDANCE
 14558 | Lair:2   | 14558 ||| INVOKING Heroism.
 14559 | Lair:2   | 14559 ||| INVOKING Finesse.
 14565 | Lair:2   | 14565 ||| FLEEEEING.
 14575 | Lair:2   | 14575 ||| STAIRDANCE
 14789 | Lair:2   | 14789 ||| INVOKING Heroism.
 14790 | Lair:2   | 14790 ||| INVOKING Finesse.
 14812 | Lair:2   | 14812 ||| FLEEEEING.
 14822 | Lair:2   | 14822 ||| STAIRDANCE
 14944 | Lair:2   | 14944 ||| INVOKING Heroism.
 14949 | Lair:2   | 14949 ||| FLEEEEING.
 14959 | Lair:2   | 14959 ||| STAIRDANCE
 15123 | Lair:2   | 15123 ||| INVOKING Heroism.
 15127 | Lair:2   | 15127 ||| FLEEEEING.
 15137 | Lair:2   | 15137 ||| STAIRDANCE
 15204 | Lair:2   | 15204 ||| INVOKING Heroism.
 15218 | Lair:2   | 15218 ||| FLEEEEING.
 15228 | Lair:2   | 15228 ||| STAIRDANCE
 15448 | Lair:2   | 15448 ||| FLEEEEING.
 15458 | Lair:2   | 15458 ||| STAIRDANCE
 15472 | Lair:2   | 15472 ||| INVOKING Heroism.
 15489 | Lair:2   | 15489 ||| FLEEEEING.
 15499 | Lair:2   | 15499 ||| STAIRDANCE
 15578 | Lair:2   | 15578 ||| INVOKING Heroism.
 15585 | Lair:2   | 15585 ||| FLEEEEING.
 15765 | Lair:2   | 15765 ||| INVOKING Heroism.
 15790 | Lair:2   | HP: 12/77 [oklob plant/splash of acid (11)]
 15791 | Lair:2   | 15791 ||| READING 2 scrolls of teleportation.
 15791 | Lair:2   | Killed from afar by an oklob plant

Levels and vault maps discovered:
D:1:      kb_arrival_jail, layout_loops_corners, grunt_decor_clamped
D:2:      layout_basic, basic_altar
D:3:      cheibrodos_helix_gallery, layout_basic, nicolae_vehumet_radiance,
          serial_shops, shop, basic_ecumenical_altar, minmay_joined_circles,
          uniq_pargi
D:4:      layout_basic, minmay_temple_entry_large_hall, uniq_edmund
D:5:      layout_basic, mainiacjoe_overflow_two_lobes, uniq_crazy_yiuf_cottage,
          uniq_menkaure, uniq_blork_the_orc, uniq_duvessa
D:6:      cheibrodos_two_vegetables, layout_cave_pools
D:7:      layout_cave_pods, uniq_pikel, uniq_prince_ribbit1
D:8:      minmay_the_grid_octo_2x2 [minmay_the_grid_octo_pinwheel,
          minmay_the_grid_octo_clover, minmay_the_grid_octo_fan_narrow,
          minmay_the_grid_octo_prize_square_snowflake], layout_basic
D:9:      layout_cave_pools, dpeg_lair_monsters, enter_bailey_2,
          kennysheep_minor_cross
Temple:   compressed_dpeg_triangle_lava_temple
Lair:1:   layout_cellular_growth, gammafunk_ghost_abyssal_escape,
          lemuel_oklob_altar, grunt_megastairs_3, uniq_grum
Lair:2:   layout_chaotic_city, minmay_lair_oklob_bushes, st_stairs_4,
          grunt_megastairs_5, infiniplex_staircase_pool

Skill      XL: |  1  2  3  4  5  6  7  8  9 10 11 12 |
---------------+-------------------------------------+-----
Axes           | 2 3 4 5 6 8 9 10 11 12 | 12.4
Fighting       | 4 5 7 8 9 10 | 10.0
Invocations    | 3 4 6 10 | 10.0
Dodging        | 1 2 |  2.4
Throwing       | 1 2 3 |  3.1
Armour         | 5 6 7 8 9 |  9.1
Shields        | 4 5 6 |  6.6

Action                   |  1- 3 |  4- 6 |  7- 9 | 10-12 || total
-------------------------+-------+-------+-------+-------++-------
Melee: War axe           |   125 |   115 |   141 |   110 ||   491
       Broad axe         |       |       |       |   364 ||   364
Throw: Boomerang         |       |    23 |    58 |    11 ||    92
       Javelin           |       |       |       |    14 ||    14
Invok: Heroism           |       |       |    19 |    30 ||    49
       Finesse           |       |       |       |     8 ||     8
  Use: Scroll            |     4 |    11 |     9 |     9 ||    33
       Potion            |     1 |     2 |     3 |     1 ||     7
 Stab: Distracted        |       |       |     4 |     1 ||     5
Armor: Scale mail        |    57 |    55 |       |       ||   112
       Chain mail        |       |     9 |    20 |       ||    29
       Plate armour      |       |       |    45 |   296 ||   341
Dodge: Dodged            |    46 |    57 |    44 |   222 ||   369
Block: Buckler           |    17 |    23 |    19 |   103 ||   162
       Kite shield       |       |       |       |     8 ||     8

Table legend:
 A = Non-vault XP
 B = Vault XP
 C = Vault XP percentage of total XP
 D = Non-vault monster count
 E = Vault monster count
 F = Vault count percentage of total count
                 A         B        C        D         E       F
            +---------+---------+-------+---------+---------+-------
      Total |   17463 |   12768 |  42.2 |     206 |      67 |  24.5
            +---------+---------+-------+---------+---------+-------
        D:1 |      31 |       0 |   0.0 |      21 |       0 |   0.0
        D:2 |      47 |       0 |   0.0 |      19 |       0 |   0.0
        D:3 |     102 |     249 |  70.9 |      15 |      14 |  48.3
        D:4 |     149 |     171 |  53.4 |      16 |       1 |   5.9
        D:5 |     833 |     483 |  36.7 |      24 |       4 |  14.3
        D:6 |     728 |     585 |  44.6 |      13 |       9 |  40.9
        D:7 |    1505 |     906 |  37.6 |      18 |       2 |  10.0
        D:8 |    2286 |    5699 |  71.4 |      19 |      22 |  53.7
        D:9 |    1002 |    2462 |  71.1 |      24 |       6 |  20.0
     Lair:1 |    5301 |    2117 |  28.5 |      17 |       8 |  32.0
     Lair:2 |    5479 |      96 |   1.7 |      20 |       1 |   4.8
            +---------+---------+-------+---------+---------+-------
